 Dungeon Sprint DCSS version 0.19-a0-1682-g5114f93 (webtiles) character file.

14334 Saways the Fencer (level 11, -17/114 HPs)
             Began as a Deep Dwarf Fighter on Sept 24, 2016.
             Was the Champion of Makhleb.
             Killed from afar by an orc sorcerer (25 damage)
             ... with a bolt of fire
             ... in the Dungeon (Sprint IX: "|||||||||||||||||||||||||||||").
             The game lasted 00:03:54 (1204 turns).

Saways the Fencer (Deep Dwarf Fighter)              Turns: 1204, Time: 00:03:56

Health: -17/114    AC: 24    Str: 19    XL:     11   Next: 87%
Magic:  11/11      EV: 11    Int: 13    God:    Makhleb [******]
Gold:   427        SH: 13    Dex: 15    Spells: 0 memorised, 10 levels left

rFire  . . .     SeeInvis .     p - +2 scimitar "Spiderslayer" {slice, *Noise Int+3 Stlth+}
rCold  . . .     Gourm    .     r - +0 plate armour
rNeg   . . .     Faith    .     c - +0 shield
rPois  .         Spirit   .     (no helmet)
rElec  .         Dismiss  .     z - +0 cloak
rCorr  .         Reflect  .     y - +0 pair of gloves
MR     +....     Harm     .     q - +0 pair of boots
Stlth  .......... NoTele   +    (no amulet)
                                s - +2 ring of protection
                                t - +2 ring of evasion

@: non-regenerating
A: damage resistance, recharge devices, sense surroundings 2, slow regeneration
3
a: Device Recharging, Minor Destruction, Lesser Servant of Makhleb, Major
Destruction, Greater Servant of Makhleb, Renounce Religion


You were in the Dungeon.
You worshipped Makhleb.
Makhleb was exalted by your worship.
You were not hungry.

You visited 1 branch You collected 427 gold pieces.

Inventory:

Hand Weapons
 a - a +0 long sword
 p - the +2 scimitar "Spiderslayer" (weapon) {slice, *Noise Int+3 Stlth+}
   (You found it in the Dungeon)

   It inflicts extra damage upon your enemies.
   It affects your intelligence (+3).
   It may make noises in combat.
   It makes you more stealthy.
Armour
 b - a +0 scale mail
 c - a +0 shield (worn)
 q - a +0 pair of boots (worn)
 r - a +0 plate armour (worn)
 y - a +0 pair of gloves (worn)
 z - a +0 cloak (worn)
Jewellery
 s - a +2 ring of protection (right hand)
 t - a +2 ring of evasion (left hand)
Wands
 e - a wand of heal wounds (0/9)
 o - a wand of iceblast (6/15)
Scrolls
 l - 5 scrolls of blinking
 m - 5 scrolls of remove curse
 n - 2 scrolls of amnesia
 v - 2 scrolls of fog
 w - 2 scrolls of enchant weapon
 x - a scroll of identify
Potions
 d - 3 potions of resistance
 g - 5 potions of curing
 j - 4 potions of magic
Comestibles
 f - 13 bread rations
 k - 43 fruits
 u - 11 meat rations


   Skills:
 + Level 12.2 Fighting
 * Level 18.9 Long Blades
 + Level 14.2 Armour
 + Level 4.8 Dodging
 + Level 13.9 Shields
 + Level 1.1 Invocations


You had 10 spell levels left.
You didn't know any spells.

Dungeon Overview and Level Annotations

Branches:
Dungeon (1/1)

Altars:
Cheibriados
Dithmenos
Elyvilon
Fedhas
Gozag
Hepliaklqana
Kikubaaqudgha
Makhleb
Nemelex Xobeh
Okawaru
Qazlal
Ru
Sif Muna
Trog
Uskayaw
Vehumet
Xom
Yredelemnul
Zin
The Shining One
Beogh
Jiyva
Lugonu

Shops:
D =!!


Innate Abilities, Weirdness & Mutations

You are resistant to damage.
You can recharge devices by infusing magical energy.
You passively map the area around you.
You do not regenerate.


Message History

The orc sorcerer is heavily wounded.
The orc sorcerer points at you and mumbles some strange words.
You suddenly lose the ability to move!
The orc wizard casts a spell.
The orc wizard seems to speed up.
The orc sorcerer hits you but does no damage.
The neqoxec disappears in a puff of smoke!
The orc sorcerer gestures at you while chanting.
You shrug off the repeated paralysis!
An orc wizard comes into view. It is wielding a dagger.
The orc wizard shouts!
The orc sorcerer hits you but does no damage.
You can move again.
You hit the orc sorcerer but do no damage.
The orc sorcerer is moderately wounded.
The orc wizard mumbles some strange words.
The orc wizard blinks!
The orc sorcerer points at you and mumbles some strange words.
The bolt of fire hits you!
You die...

+ ,, , , +,, * ** * * * ,, , , ,,
, , * * * * ** **** + , , , * **
* ** * * * , , , , ,, , ,, *
▓▓▓▓▓▓▓▓▓▓▓▓▓▓▓▓▓▓▓▓▓▓▓▓
∩,∩.oo4oo@)))...))))))))))
▓▓▓▓▓▓▓▓▓▓▓▓▓▓▓▓▓▓▓▓▓▓▓▓▓▓▓▓▓▓▓▓▓
.................................
▓▓▓▓▓▓▓▓▓▓▓▓▓▓▓▓▓▓▓▓▓▓▓▓▓▓▓▓▓▓▓▓▓
[[...'(...........†....†...††.†..
▓▓▓▓▓▓▓▓▓▓▓▓▓▓▓▓▓▓▓▓▓▓▓▓▓▓▓▓▓▓▓▓▓
.................................
▓▓▓▓▓▓▓▓▓▓▓▓▓▓▓▓▓▓▓▓▓▓▓▓▓▓▓▓▓▓▓▓▓
†'.....†)...[.)|..'._____________


You could see a rust devil, 2 orc sorcerers and 2 orc wizards.

Vanquished Creatures
  Erolcha (D)
  A hydra (D)
  2 catoblepae (D)
  3 death yaks (D)
  2 orc knights (D)
  A hill giant (D)
  An elephant (D)
  7 orc sorcerers (D)
  2 black mambas (D)
  2 spiny frogs (D)
  A gargoyle (D)
  2 komodo dragons (D)
  A tengu conjurer (D)
  2 blink frogs (D)
  4 yaks (D)
  A soldier ant (D)
  A porcupine (D)
  13 orc warriors (D)
  A phantom (D)
  A wolf (D)
  A crocodile (D)
  4 bullfrogs (D)
  A scorpion (D)
  2 killer bees (D)
  5 orc priests (D)
  3 orc wizards (D)
  An iguana (D)
  A river rat (D)
  An adder (D)
  A leopard gecko (D)
  6 orcs (D)
  A ball python (D)
  A bat (D)
  A bat skeleton (D)
  A bat zombie (D)
  A giant cockroach (D)
  A jackal (D)
  2 rats (D)
83 creatures vanquished.

Notes
Turn   | Place    | Note
-------+----------+-------------------------------------------
     0 | D        | Saways the Deep Dwarf Fighter began the quest for the Orb.
     0 | D        | Reached XP level 1. HP: 20/20 MP: 1/1
    29 | D        | Noticed an orc priest
    30 | D        | Reached XP level 2. HP: 25/28 MP: 2/2
    33 | D        | Reached skill level 3 in Long Blades
    36 | D        | Reached skill level 4 in Long Blades
    36 | D        | Reached XP level 3. HP: 36/36 MP: 3/3
    66 | D        | Found a roughly hewn altar of Beogh.
    66 | D        | Found a snail-covered altar of Cheibriados.
    66 | D        | Found a shadowy altar of Dithmenos.
    66 | D        | Found a white marble altar of Elyvilon.
    66 | D        | Found a blossoming altar of Fedhas.
    66 | D        | Found an opulent altar of Gozag.
    67 | D        | Found a hazy altar of Hepliaklqana.
    68 | D        | Found a viscous altar of Jiyva.
    69 | D        | Found an ancient bone altar of Kikubaaqudgha.
    70 | D        | Found a corrupted altar of Lugonu.
    71 | D        | Found a burning altar of Makhleb.
    72 | D        | Found a sparkling altar of Nemelex Xobeh.
    73 | D        | Found an iron altar of Okawaru.
    74 | D        | Found a stormy altar of Qazlal.
    75 | D        | Found a sacrificial altar of Ru.
    76 | D        | Found a deep blue altar of Sif Muna.
    77 | D        | Found a bloodstained altar of Trog.
    78 | D        | Found a hide-covered altar of Uskayaw.
    79 | D        | Became a worshipper of Makhleb the Destroyer
    80 | D        | Found a radiant altar of Vehumet.
    81 | D        | Found a shimmering altar of Xom.
    82 | D        | Found a basalt altar of Yredelemnul.
    83 | D        | Found a glowing silver altar of Zin.
    84 | D        | Found a glowing golden altar of the Shining One.
   102 | D        | Got the +2 scimitar "Spiderslayer" {slice, *Noise Int+3 Stlth+}
   130 | D        | Noticed a killer bee
   130 | D        | Noticed a scorpion
   130 | D        | Noticed a hill giant
   130 | D        | Noticed a gargoyle
   145 | D        | Killed a gargoyle
   145 | D        | Reached * piety under Makhleb
   145 | D        | Reached skill level 5 in Fighting
   145 | D        | Reached skill level 9 in Long Blades
   145 | D        | Reached XP level 4. HP: 38/48 MP: 4/4
   145 | D        | Reached XP level 5. HP: 43/55 MP: 5/5
   145 | D        | Reached XP level 6. HP: 49/62 MP: 6/6
   148 | D        | Killed a hill giant
   148 | D        | Reached skill level 11 in Long Blades
   148 | D        | Reached XP level 7. HP: 35/70 MP: 7/7
   153 | D        | Reached ** piety under Makhleb
   160 | D        | Noticed a yak
   160 | D        | Noticed a tengu conjurer
   163 | D        | Killed a tengu conjurer
   163 | D        | Reached skill level 12 in Long Blades
   163 | D        | Reached XP level 8. HP: 54/80 MP: 8/8
   178 | D        | Reached *** piety under Makhleb
   178 | D        | Reached skill level 13 in Long Blades
   284 | D        | Identified Mutugg's Catalogue of Snow and Dark Rites (You found it in the Dungeon)
   296 | D        | Noticed a blink frog
   296 | D        | Noticed a black mamba
   296 | D        | Noticed a komodo dragon
   307 | D        | Killed a komodo dragon
   307 | D        | Reached **** piety under Makhleb
   312 | D        | Reached skill level 14 in Long Blades
   319 | D        | Killed a black mamba
   319 | D        | Gained mutation: You passively map the area around you. [Deep Dwarf growth]
   319 | D        | Reached XP level 9. HP: 88/88 MP: 9/9
   333 | D        | Reached ***** piety under Makhleb
   338 | D        | Reached skill level 15 in Long Blades
   342 | D        | Reached skill level 10 in Shields
   380 | D        | Noticed a spiny frog
   380 | D        | Noticed a black mamba
   380 | D        | Noticed a komodo dragon
   381 | D        | Noticed a six-headed hydra
   391 | D        | Killed a komodo dragon
   394 | D        | Noticed a spiny frog
   408 | D        | Killed a 20-headed hydra
   413 | D        | Reached skill level 16 in Long Blades
   416 | D        | Killed a black mamba
   416 | D        | Reached skill level 10 in Armour
   416 | D        | Reached XP level 10. HP: 50/99 MP: 10/10
   417 | D        | Noticed an elephant
   421 | D        | Killed a spiny frog
   432 | D        | Reached ****** piety under Makhleb
   441 | D        | Killed a spiny frog
   452 | D        | Killed an elephant
   457 | D        | Noticed a death yak
   457 | D        | Noticed a death yak
   457 | D        | Noticed a catoblepas
   457 | D        | Noticed a catoblepas
   476 | D        | Killed a catoblepas
   479 | D        | Noticed a death yak
   492 | D        | HP: 5/102 [catoblepas (21)]
   496 | D        | Killed a catoblepas
   496 | D        | Reached skill level 10 in Fighting
   509 | D        | Killed a death yak
   524 | D        | Killed a death yak
   524 | D        | Reached skill level 17 in Long Blades
   524 | D        | Reached XP level 11. HP: 61/110 MP: 11/11
   535 | D        | Killed a death yak
   685 | D        | Noticed Erolcha
   698 | D        | Killed Erolcha
  1004 | D        | Noticed an orc knight
  1009 | D        | Noticed an orc knight
  1015 | D        | Killed an orc knight
  1021 | D        | Reached skill level 18 in Long Blades
  1034 | D        | Killed an orc knight
  1098 | D        | Found Nauguvex's Distillery.
  1098 | D        | Noticed an orc sorcerer
  1098 | D        | Noticed an orc sorcerer
  1098 | D        | Noticed an orc sorcerer
  1100 | D        | Noticed an orc sorcerer
  1108 | D        | HP: 4/114 [hellwing[an orc sorcerer] (5)]
  1122 | D        | Killed an orc sorcerer
  1125 | D        | Killed an orc sorcerer
  1126 | D        | Found Woenuaw's Distillery.
  1132 | D        | Killed an orc sorcerer
  1134 | D        | Noticed an orc sorcerer
  1135 | D        | Noticed an orc sorcerer
  1135 | D        | Noticed a sixfirhy
  1138 | D        | Noticed an orc sorcerer
  1145 | D        | Killed an orc sorcerer
  1146 | D        | Found Seareul's Jewellery Boutique.
  1146 | D        | Noticed an orc sorcerer
  1148 | D        | Noticed a sixfirhy
  1150 | D        | Noticed a soul eater
  1155 | D        | Killed an orc sorcerer
  1159 | D        | Noticed a sixfirhy
  1183 | D        | Killed an orc sorcerer
  1186 | D        | Noticed an orc sorcerer
  1193 | D        | Killed an orc sorcerer
  1193 | D        | Reached skill level 1 in Invocations
  1200 | D        | Paralysed by an orc sorcerer for 3 turns
  1204 | D        | Killed from afar by an orc sorcerer

Vault maps used:
D:        linesprint

Skill      XL: |  1  2  3  4  5  6  7  8  9 10 11 |
---------------+----------------------------------+-----
Fighting       | 3 4 5 6 7 8 9 10 12 | 12.2
Armour         | 4 6 7 8 10 12 14 | 14.2
Long Blades    | 4 9 11 12 14 16 17 18 | 18.9
Shields        | 4 7 8 9 11 12 13 | 13.9
Dodging        | 2 3 4 |  4.8
Invocations    | 1 |  1.1

Action                   |  1- 3 |  4- 6 |  7- 9 | 10-12 || total
-------------------------+-------+-------+-------+-------++-------
Melee: Long sword        |    29 |       |       |       ||    29
       Scimitar          |    14 |     4 |   116 |   331 ||   465
Invok: Major Destruction |       |       |       |     1 ||     1
Evoke: Wand              |       |       |       |     6 ||     6
  Use: Potion            |     3 |       |     3 |     4 ||    10
 Stab: Invisible         |       |       |     8 |     4 ||    12
  Eat: Chunk             |       |       |       |     2 ||     2
       Meat ration       |       |       |       |     1 ||     1
Armor: Scale mail        |    18 |       |       |       ||    18
       Plate armour      |     5 |       |    46 |    78 ||   129
Dodge: Dodged            |    10 |     1 |    95 |    50 ||   156
Block: Shield            |    15 |       |    66 |   116 ||   197
